[Event "Titled Tuesday Blitz January 03 Early 2023"]
[White "Vifleemskaia, Svetlana"]
[Black "Reprintsev, Alexander"]
[WhiteFideId "4129490"]
[BlackFideId "14100541"]
[WhiteElo "1971"]
[BlackElo "2253"]
[Result "1/2-1/2"]
[Round "09"]
[TimeControl "180+2"]
[Date "2023.01.03"]
[WhiteClock "0:00:06"]
[BlackClock "0:00:02"]

1. d4 d5 2. c4 e5 3. dxe5 d4 4. Nf3 Nc6 5. Nbd2 a5 6. Nb3 Bg4 7. h3 Bxf3 8. exf3 a4 9. Nd2 Qg5 10. a3 Qxe5+ 11. Qe2 Nf6 12. f4 Qe7 13. Qxe7+ Bxe7 14. Bd3 Nd7 15. Ne4 f5 16. Ng5 O-O 17. O-O Nc5 18. Rd1 Bxg5 19. fxg5 f4 20. Be2 Rad8 21. Bf3 Ne5 22. Bd5+ Kh8 23. Bd2 c6 24. Bf3 Nxf3+ 25. gxf3 Rf5 26. h4 h6 27. gxh6 gxh6 28. Kh2 Rh5 29. Bxf4 Rxh4+ 30. Kg3 Rh5 31. Kg2 Rf5 32. Bg3 d3 33. Rh1 Kh7 34. Rh4 d2 35. Rd1 Rf6 36. Bf4 Re6 37. Be3 Nb3 38. Kf1 Red6 39. Ke2 c5 40. Re4 b6 41. Re7+ Kg6 42. Re4 Kf7 43. Rh4 Kg7 44. Rg4+ Kh7 45. Re4 R8d7 46. Rg4 Re6 47. Re4 Red6 48. Rh4 Rf7 49. Rg4 Re7 50. Re4 Rde6 51. Rg4 h5 52. Rh4 Re5 53. Rdh1 Kg6 54. Rg1+ Kf6 55. Rgh1 Rh7 56. Kd1 Ke6 57. Re4 Rxe4 58. fxe4 h4 59. Rh3 Na5 60. Bxd2 Nxc4 61. Bc3 Rf7 62. Ke2 Rf4 63. f3 Ne5 64. Bxe5 Kxe5 65. Ke3 b5 66. Rh1 b4 67. Rc1 Rf7 68. Rxc5+ Kd6 69. Rh5 b3 70. Rxh4 Rc7 71. Rh6+ Kc5 72. Ra6 Kb5 73. Ra8 Rc2 74. Rb8+ Ka6 75. e5 Rxb2 76. e6 Rb1 77. Ke2 Rb2+ 78. Ke3 Rb1 79. Ke2 Rb2+ 80. Ke3 1/2-1/2


[Site "https://www.chess.com"]

[Event "Titled Tuesday Blitz January 03 Early 2023"]
[White "Murtazin, Ruslan"]
[Black "Lopez Del Alamo, Antonio"]
[WhiteFideId "24175960"]
[BlackFideId "2227339"]
[WhiteElo "2247"]
[BlackElo "2280"]
[Result "1-0"]
[Round "09"]
[TimeControl "180+2"]
[Date "2023.01.03"]
[WhiteClock "0:02:20"]
[BlackClock "0:02:17"]

1. e4 c5 2. Nf3 e6 3. b3 Nc6 4. Bb2 d6 5. g3 Nf6 6. d3 Be7 7. Bg2 O-O 8. O-O Qc7 9. Re1 e5 10. h3 a6 11. c3 b5 12. d4 cxd4 13. cxd4 Bb7 14. Nc3 Rac8 15. Rc1 exd4 16. Nxd4 Qb6 17. Nf5 Rfe8 18. Nd5 Nxd5 19. exd5 Bf8 20. dxc6 1-0


[Site "https://www.chess.com"]

[Event "Titled Tuesday Blitz January 03 Early 2023"]
[White "Blokhin, Sofia"]
[Black "Lehtosaari, Mauri"]
[WhiteFideId "4508190"]
[BlackFideId "501999"]
[WhiteElo "2062"]
[BlackElo "2176"]
[Result "1-0"]
[Round "09"]
[TimeControl "180+2"]
[Date "2023.01.03"]
[WhiteClock "0:00:03"]
[BlackClock "0:00:13"]

1. d4 d5 2. c4 c6 3. Nc3 Nf6 4. Bf4 dxc4 5. e3 b5 6. a4 b4 7. Na2 Nd5 8. Bxb8 Rxb8 9. Bxc4 a5 10. Nf3 Bg4 11. h3 Bh5 12. g4 Bg6 13. Ne5 Qc7 14. Qf3 e6 15. h4 Bc2 16. b3 Bd6 17. Rc1 f6 18. Rxc2 fxe5 19. e4 Nf4 20. Bb5 Rb6 21. d5 O-O 22. dxc6 Rbb8 23. Qg3 Rbc8 24. O-O Qb6 25. Nc1 Bc5 26. Nd3 Nxd3 27. Qxd3 Bd4 28. Kg2 Kh8 29. f3 Rc7 30. Qc4 Re7 31. g5 g6 32. Rh1 Ref7 33. h5 Rxf3 34. hxg6 Rf2+ 35. Rxf2 Rxf2+ 36. Kg3 1-0


[Site "https://www.chess.com"]

[Event "Titled Tuesday Blitz January 03 Early 2023"]
[White "Sargsyan, Anna M."]
[Black "Guliev, Logman"]
[WhiteFideId "13308130"]
[BlackFideId "13400061"]
[WhiteElo "2375"]
[BlackElo "2250"]
[Result "0-1"]
[Round "09"]
[TimeControl "180+2"]
[Date "2023.01.03"]
[WhiteClock "0:00:04"]
[BlackClock "0:01:00"]

1. d4 Nf6 2. c4 e6 3. Nf3 Bb4+ 4. Bd2 c5 5. Bxb4 cxb4 6. g3 O-O 7. Bg2 d6 8. O-O Qc7 9. Qb3 a5 10. a3 Na6 11. axb4 Nxb4 12. Nc3 Bd7 13. Nd2 Bc6 14. e4 e5 15. dxe5 dxe5 16. Nd5 Bxd5 17. cxd5 b5 18. Rac1 Qb6 19. Bh3 Ne8 20. Nf3 Qf6 21. Qe3 Nd6 22. b3 Rfb8 23. Nd2 a4 24. Bg2 a3 25. Qe2 a2 26. Nf3 Rc8 27. Ra1 Nc2 28. Qd2 Nxa1 29. Rxa1 Nxe4 30. Qd3 Nxf2 31. Kxf2 e4 32. Qxe4 Qxa1 33. Bh3 Qb2+ 0-1


[Site "https://www.chess.com"]

[Event "Titled Tuesday Blitz January 03 Early 2023"]
[White "djokovic74"]
[Black "Begunov, Konstantin"]
[BlackFideId "4118510"]
[WhiteElo "2575"]
[BlackElo "2325"]
[Result "0-1"]
[Round "09"]
[TimeControl "180+2"]
[Date "2023.01.03"]
[WhiteClock "0:01:47"]
[BlackClock "0:01:42"]

1. c4 c6 2. Nf3 d5 3. e3 Nf6 4. Nc3 a6 5. d4 Bg4 6. h3 Bxf3 7. Qxf3 e6 8. Bd3 Nbd7 9. O-O Bb4 10. Bd2 Qe7 11. a3 Bxc3 12. Bxc3 O-O 13. e4 dxe4 14. Bxe4 Nxe4 15. Qxe4 Nf6 16. Qh4 Rfd8 17. Rfe1 Rd7 18. Re3 Nd5 19. Qxe7 Nxe7 20. g4 g5 21. Rf1 Ng6 22. Kh2 b5 23. b3 bxc4 24. bxc4 Rb8 25. Re4 Rb3 26. Bd2 h6 27. f4 gxf4 28. Bxf4 Nxf4 29. Rexf4 Rxa3 30. h4 Rd3 31. Ra1 R7xd4 32. Rxd4 Rxd4 33. Kg3 Rxc4 34. Rxa6 Kg7 35. Ra8 c5 36. Rc8 Rc1 37. Rc7 c4 38. Rc5 c3 39. Kg2 c2 40. Rc8 e5 41. Rc5 e4 42. Rc4 e3 43. Rxc2 Rxc2+ 0-1


[Site "https://www.chess.com"]

[Event "Titled Tuesday Blitz January 03 Early 2023"]
[White "Padmini, Rout"]
[Black "Shubenkova, Veronika"]
[WhiteFideId "5029295"]
[BlackFideId "44124040"]
[WhiteElo "2375"]
[BlackElo "1960"]
[Result "1-0"]
[Round "09"]
[TimeControl "180+2"]
[Date "2023.01.03"]
[WhiteClock "0:00:15"]
[BlackClock "0:00:07"]

1. e4 c6 2. d4 d5 3. exd5 cxd5 4. Nf3 Nf6 5. c3 e6 6. Bf4 Nc6 7. Bd3 Bd6 8. Bxd6 Qxd6 9. O-O O-O 10. Re1 a6 11. Nbd2 b5 12. Ne5 Bd7 13. Ndf3 Ne7 14. Qd2 Rab8 15. b4 Rfc8 16. Ng5 Rf8 17. Re3 h6 18. Nh3 Nf5 19. Bxf5 exf5 20. Qd3 Be6 21. Nf4 Rfc8 22. f3 Rc7 23. a4 Rbc8 24. axb5 axb5 25. Ra3 Qb6 26. h4 Ra7 27. Rxa7 Qxa7 28. Kh2 Qb8 29. Qd2 Nd7 30. g3 Nf8 31. Qe2 Qb6 32. h5 Ra8 33. Nfd3 Ra1 34. Nc5 f4 35. gxf4 Bf5 36. Qg2 Qf6 37. Kg3 g5 38. fxg5 Qxg5+ 39. Kh2 Ra2 40. Qxa2 Qxe3 41. Qg2+ Kh7 42. Nxf7 Qf4+ 43. Kg1 Qe3+ 44. Kh2 Qf4+ 45. Qg3 Qd2+ 46. Kg1 Qc1+ 47. Kg2 Qd2+ 48. Qf2 Qf4 49. Ne5 Qg5+ 50. Qg3 Qxh5 51. Ng4 Qg5 52. Qe5 Bxg4 53. Qxg5 Bxf3+ 54. Kxf3 hxg5 55. Nd3 Kg6 56. Kg4 Nd7 57. Ne5+ Nxe5+ 58. dxe5 Kh6 59. Kf5 g4 60. Kxg4 Kg6 61. Kf4 Kf7 62. Ke3 Ke7 63. Kd3 Ke6 64. Kd4 1-0


[Site "https://www.chess.com"]

[Event "Titled Tuesday Blitz January 03 Early 2023"]
[White "Gurevich, Dmitry"]
[Black "Topalov, Aleksandar"]
[WhiteFideId "2000407"]
[BlackFideId "925659"]
[WhiteElo "2393"]
[BlackElo "2233"]
[Result "1-0"]
[Round "09"]
[TimeControl "180+2"]
[Date "2023.01.03"]
[WhiteClock "0:00:09"]
[BlackClock "0:00:02"]

1. d4 Nf6 2. c4 c5 3. Nf3 g6 4. Nc3 Bg7 5. d5 d6 6. e4 O-O 7. h3 Na6 8. Bd3 Nc7 9. a4 e5 10. O-O Nh5 11. Re1 Nf4 12. Bf1 Na6 13. Kh2 Nb4 14. g3 Nh5 15. Be2 a6 16. a5 h6 17. Ng1 Nf6 18. Be3 Nh7 19. Qd2 h5 20. Rf1 f5 21. exf5 Bxf5 22. Rac1 e4 23. f4 Nd3 24. Bxd3 exd3 25. Nf3 Re8 26. Nh4 Qxa5 27. Nxf5 gxf5 28. Qxd3 Qb4 29. Rc2 Nf6 30. Bd2 Qb3 31. Qxf5 Qxc4 32. Rf2 Re7 33. g4 hxg4 34. hxg4 Rf8 35. Qg6 Qb3 36. Bc1 b5 37. Rg2 b4 38. g5 Nh7 39. Nd1 Qf3 40. Nf2 Rxf4 41. Nh3 Rh4 42. Rg3 1-0


[Site "https://www.chess.com"]

[Event "Titled Tuesday Blitz January 03 Early 2023"]
[White "Iljin, Timofey"]
[Black "Forgacs, Attila Jr."]
[WhiteFideId "14110180"]
[BlackFideId "773654"]
[WhiteElo "2329"]
[BlackElo "2264"]
[Result "1-0"]
[Round "09"]
[TimeControl "180+2"]
[Date "2023.01.03"]
[WhiteClock "0:00:18"]
[BlackClock "0:00:57"]

1. d4 Nf6 2. c4 g6 3. Nc3 Bg7 4. e4 d6 5. f4 O-O 6. Nf3 c6 7. Bd3 Na6 8. O-O Nc7 9. e5 dxe5 10. fxe5 Nfe8 11. Bf4 Bg4 12. Be2 Ne6 13. Be3 c5 14. d5 N6c7 15. Bf4 Qc8 16. Qd2 Na6 17. h3 Bxf3 18. Bxf3 e6 19. d6 Qd7 20. Ne4 f5 21. exf6 Nxf6 22. Rad1 Nxe4 23. Bxe4 Bd4+ 24. Kh1 e5 25. Bh6 Rxf1+ 26. Rxf1 Qxd6 27. Bxb7 Rb8 28. Bd5+ Kh8 29. Rf7 e4 30. b3 e3 31. Bxe3 Bg7 32. Rxg7 Kxg7 33. Qc3+ Kf8 34. Qh8+ Ke7 35. Qxh7+ Kf6 36. Qh4+ Kg7 37. Bh6+ Kh7 38. Bf4+ Kg7 39. Bxd6 1-0


[Site "https://www.chess.com"]

[Event "Titled Tuesday Blitz January 03 Early 2023"]
[White "ArchibaldCerveza29"]
[Black "Hoffmann, Asa"]
[BlackFideId "2001470"]
[WhiteElo "2510"]
[BlackElo "2185"]
[Result "0-1"]
[Round "09"]
[TimeControl "180+2"]
[Date "2023.01.03"]
[WhiteClock "0:00:10"]
[BlackClock "0:00:02"]

1. d4 Nf6 2. c4 c5 3. d5 e5 4. Nc3 d6 5. e4 Be7 6. a4 Nbd7 7. Ra3 Nf8 8. h4 h6 9. h5 N6h7 10. Nge2 Bg5 11. Ng3 Bxc1 12. Qxc1 Qg5 13. Qxg5 Nxg5 14. a5 a6 15. Rb3 Rb8 16. Na4 Bd7 17. Nb6 Kd8 18. Be2 Kc7 19. Kd2 g6 20. Rc1 gxh5 21. Bxh5 Ng6 22. Bf3 Nf4 23. Ke3 h5 24. Nxd7 Kxd7 25. Nf5 h4 26. Rb6 h3 27. Rxd6+ Kc7 28. g3 Nxf3 29. gxf4 h2 30. Rh1 Nd4 31. fxe5 Rh3+ 32. Ng3 Re8 33. Rf6 Rxe5 34. Rxf7+ Kb8 35. b4 Nb3 36. Kf4 Re8 37. e5 cxb4 38. e6 Nc5 39. Kg4 Rhh8 40. f4 b3 41. f5 b2 42. f6 Nd3 43. Rb1 h1=Q 44. Nxh1 Rxh1 45. Rxb2 Nxb2 46. e7 Nxc4 47. Rf8 Rh8 48. Rxe8+ Rxe8 49. Kf5 Nd6+ 50. Ke6 Kc7 51. Ke5 Kd7 52. Kf4 Nf7 53. Kf5 Rxe7 54. fxe7 Kxe7 55. Ke4 Kd6 56. Kd4 Ng5 57. Kc4 Nh7 58. Kd4 Nf6 59. Kc4 Nxd5 60. Kb3 Kc5 61. Ka2 Kb5 62. Ka1 Kxa5 63. Ka2 Kb4 0-1


[Site "https://www.chess.com"]

[Event "Titled Tuesday Blitz January 03 Early 2023"]
[White "Chernov, Mikhail"]
[Black "Erzhanov, Arman"]
[WhiteFideId "24143170"]
[BlackFideId "4138821"]
[WhiteElo "2205"]
[BlackElo "2228"]
[Result "0-1"]
[Round "09"]
[TimeControl "180+2"]
[Date "2023.01.03"]
[WhiteClock "0:01:43"]
[BlackClock "0:01:58"]

1. e4 d6 2. d4 Nf6 3. Nc3 e5 4. Nf3 Nbd7 5. g4 g6 6. g5 Nh5 7. Be3 Bg7 8. Qd2 O-O 9. O-O-O c6 10. h4 b5 11. Bh3 Nb6 12. dxe5 Nc4 13. Qe2 Bxh3 14. Rxh3 Qa5 15. Bd4 Nf4 16. Qf1 Nxh3 17. Qxh3 b4 18. Nb1 dxe5 19. Be3 Qxa2 20. b3 Qb2# 0-1


[Site "https://www.chess.com"]

[Event "Titled Tuesday Blitz January 03 Early 2023"]
[White "Kaminski, Victor"]
[Black "Bazarov, Konstantin"]
[WhiteFideId "1131630"]
[BlackFideId "4137000"]
[WhiteElo "2247"]
[BlackElo "2235"]
[Result "1-0"]
[Round "09"]
[TimeControl "180+2"]
[Date "2023.01.03"]
[WhiteClock "0:00:08"]
[BlackClock "0:00:31"]

1. e4 d5 2. exd5 Qxd5 3. Nc3 Qd6 4. Nf3 Nf6 5. Be2 Bf5 6. d3 Nc6 7. Be3 e5 8. O-O Rd8 9. Nd2 Be7 10. Nde4 Qd7 11. Nxf6+ Bxf6 12. Ne4 Bxe4 13. dxe4 Qe7 14. Qe1 Bg5 15. Bb5 O-O 16. Bxc6 bxc6 17. Bxg5 Qxg5 18. Qc3 Rd6 19. Rae1 Rg6 20. g3 h5 21. Re3 h4 22. Rf3 Re8 23. Rf5 Qe7 24. Rd1 Rd6 25. Rd3 f6 26. Rh5 Rxd3 27. cxd3 hxg3 28. hxg3 Qe6 29. Kg2 Rd8 30. Rh1 Qxa2 31. Qxc6 Qf7 32. Ra1 Rxd3 33. Rxa7 Rd7 34. b4 Kh7 35. b5 Rd4 36. Qxc7 Qg6 37. Qc6 Rxe4 38. b6 Rb4 39. Ra4 Rb2 40. Rh4+ Kg8 41. Qc4+ Kf8 42. Rh8+ Ke7 43. Qc7+ Ke6 44. Qc6+ Kf5 45. b7 Qg4 46. Qc8+ Kg5 47. Qxg4+ Kxg4 48. b8=Q Rxb8 49. Rxb8 Kf5 50. Rg8 g6 51. f3 Kg5 52. Kf2 Kh6 53. Ke3 Kh7 54. Rc8 Kg7 55. Rc6 Kf7 56. g4 Ke7 57. Ke4 Kf7 58. g5 fxg5 59. Kxe5 1-0


[Site "https://www.chess.com"]

[Event "Titled Tuesday Blitz January 03 Early 2023"]
[White "Coelho, Ramyres Santana"]
[Black "Rangel, Daniel"]
[WhiteFideId "2120690"]
[BlackFideId "2124475"]
[WhiteElo "1981"]
[BlackElo "2207"]
[Result "0-1"]
[Round "09"]
[TimeControl "180+2"]
[Date "2023.01.03"]
[WhiteClock "0:00:05"]
[BlackClock "0:00:08"]

1. e4 c5 2. Nf3 d6 3. d4 cxd4 4. Nxd4 Nf6 5. Nc3 g6 6. f4 Bg7 7. e5 Nh5 8. Bb5+ Bd7 9. e6 fxe6 10. Nxe6 Bxc3+ 11. bxc3 Qc8 12. Qd4 Nf6 13. Bxd7+ Kxd7 14. Ng5 Re8 15. Be3 Nc6 16. Qc4 e6 17. Rd1 Nd5 18. Bd2 Nce7 19. Qd3 Qc5 20. Ne4 Qc6 21. c4 Nb6 22. Nf6+ Kc7 23. Nxe8+ Rxe8 24. O-O Nxc4 25. Kh1 Nf5 26. Rfe1 h5 27. Bc1 h4 28. h3 b5 29. Kh2 a6 30. Qf3 Qxf3 31. gxf3 Kd7 32. Rd3 Ke7 33. Rg1 Kf7 34. Rc3 d5 35. Rb3 Rc8 36. Rg2 Nb6 37. Rd3 Rc4 38. Rd1 Na4 39. Rdg1 Ne7 40. Ba3 Nf5 41. Rxg6 Rxc2+ 42. Kh1 Rxa2 43. Bc1 Ng3+ 44. R6xg3 hxg3 45. Rxg3 b4 46. Rg2 Ra1 47. Rc2 b3 48. Rc7+ Kg6 49. Kg2 b2 50. Bxb2 Nxb2 51. Rc6 Kf5 52. Rb6 Nd3 53. Rb8 Nxf4+ 54. Kg3 Rg1+ 55. Kh4 Rg2 56. Rf8+ Ke5 57. Rf5+ Kd6 58. Rxd5+ Nxd5 59. Kh5 a5 60. h4 a4 61. Kh6 a3 62. h5 a2 63. Kh7 a1=Q 64. h6 Qa7+ 65. Kh8 Qa8+ 66. Kh7 Nf6# 0-1


[Site "https://www.chess.com"]

[Event "Titled Tuesday Blitz January 03 Early 2023"]
[White "Fernandez Garcia, Gumersindo"]
[Black "Alfaro, William"]
[WhiteFideId "24516740"]
[BlackFideId "6100457"]
[WhiteElo "2160"]
[BlackElo "2134"]
[Result "0-1"]
[Round "09"]
[TimeControl "180+2"]
[Date "2023.01.03"]
[WhiteClock "0:00:08"]
[BlackClock "0:01:20"]

1. Nf3 Nf6 2. b3 g6 3. Bb2 Bg7 4. g3 O-O 5. Bg2 d6 6. O-O e5 7. d3 Nc6 8. e4 a5 9. a3 a4 10. b4 Bg4 11. h3 Be6 12. Nbd2 h6 13. Qe2 Qd7 14. Kh2 Nh5 15. Nh4 Kh7 16. Nc4 Bf6 17. Nf3 Bg7 18. Ne3 Nd4 19. Nxd4 exd4 20. Nd5 Bxd5 21. exd5 Rae8 22. Qf3 f5 23. Rae1 Be5 24. Kh1 Qf7 25. Re2 f4 26. g4 Nf6 27. Rfe1 Kg7 28. Kg1 Nh7 29. h4 Qf6 30. Re4 Qxh4 31. Bxd4 Ng5 32. Bxe5+ dxe5 33. Qd1 f3 34. R4e3 Qxg4 35. Rxf3 Nxf3+ 36. Kf1 Nh2+ 37. Kg1 Qh4 38. Re3 Qxf2+ 39. Kxh2 Qxe3 40. Qg4 Qf4+ 0-1


[Site "https://www.chess.com"]

[Event "Titled Tuesday Blitz January 03 Early 2023"]
[White "MIM06"]
[Black "Baches Garcia, Guillermo"]
[BlackFideId "2209764"]
[WhiteElo "2273"]
[BlackElo "2327"]
[Result "0-1"]
[Round "09"]
[TimeControl "180+2"]
[Date "2023.01.03"]
[WhiteClock "0:00:50"]
[BlackClock "0:01:10"]

1. e4 c5 2. Nf3 d6 3. Bb5+ Bd7 4. Bxd7+ Qxd7 5. c4 e5 6. Nc3 Nc6 7. a3 a5 8. O-O Be7 9. d3 Bd8 10. Nd5 Nge7 11. Rb1 O-O 12. Bd2 Nxd5 13. cxd5 Nd4 14. Nxd4 exd4 15. b4 b5 16. bxc5 dxc5 17. Re1 c4 18. dxc4 bxc4 19. Bf4 d3 20. Rc1 Rc8 21. Qd2 Bb6 22. Be5 f5 23. Rb1 Bc5 24. Qxa5 fxe4 25. Rb2 Qxd5 26. Bg3 Bxf2+ 27. Bxf2 Qxa5 0-1


[Site "https://www.chess.com"]

[Event "Titled Tuesday Blitz January 03 Early 2023"]
[White "Degenbaev, Aziz"]
[Black "Klinova, Masha"]
[WhiteFideId "13802640"]
[BlackFideId "2802015"]
[WhiteElo "2203"]
[BlackElo "2250"]
[Result "1-0"]
[Round "09"]
[TimeControl "180+2"]
[Date "2023.01.03"]
[WhiteClock "0:00:13"]
[BlackClock "0:00:28"]

1. e4 d6 2. d4 Nf6 3. Nc3 g6 4. Be3 a6 5. Qd2 b5 6. f3 Nbd7 7. O-O-O Bb7 8. g4 c5 9. h4 h5 10. g5 Ng8 11. Nge2 Bg7 12. Ng3 Qc7 13. f4 b4 14. Nce2 e6 15. Kb1 Ne7 16. Bh3 Nb6 17. Rhf1 Nc4 18. Qd3 Nxe3 19. Qxe3 O-O 20. f5 exf5 21. exf5 Nd5 22. Qf2 cxd4 23. Nxd4 Be5 24. fxg6 Nf4 25. gxf7+ Kh8 26. Bf5 Qxf7 27. g6 Qf6 28. Qe3 Rae8 29. Rxf4 Bxd4 30. Qxd4 Qxd4 31. Rfxd4 Re3 32. Rg1 Kg7 33. Nxh5+ Kh6 34. g7 Rg8 35. Nf6 Rxg7 36. Ng4+ Kh5 37. Rxd6 Rxg4 38. Bxg4+ Kxh4 39. b3 Be4 40. Rd4 a5 41. Bf5 1-0


[Site "https://www.chess.com"]

[Event "Titled Tuesday Blitz January 03 Early 2023"]
[White "Donskov, Anatoly"]
[Black "Samunenkov, Ihor"]
[WhiteFideId "24143413"]
[BlackFideId "14187086"]
[WhiteElo "2279"]
[BlackElo "2501"]
[Result "0-1"]
[Round "09"]
[TimeControl "180+2"]
[Date "2023.01.03"]
[WhiteClock "0:00:54"]
[BlackClock "0:00:50"]

1. e4 c6 2. d4 d5 3. Nc3 dxe4 4. Nxe4 Nf6 5. Nxf6+ exf6 6. c3 Bd6 7. Bd3 Na6 8. Ne2 Nc7 9. Qc2 h5 10. Be3 Nd5 11. Bd2 Kf8 12. a3 b5 13. O-O Rb8 14. c4 bxc4 15. Bxc4 Be6 16. b4 h4 17. h3 g6 18. Bb3 Rc8 19. Nc3 Bb8 20. Ne4 Kg7 21. Rac1 Bf5 22. Rce1 Re8 23. Qd3 Re7 24. Bc2 Qc7 25. f4 Rce8 0-1


[Site "https://www.chess.com"]

[Event "Titled Tuesday Blitz January 03 Early 2023"]
[White "Khubukshanov, Erdem"]
[Black "Buscar, Michael"]
[WhiteFideId "54114527"]
[BlackFideId "2603616"]
[WhiteElo "2382"]
[BlackElo "2041"]
[Result "1-0"]
[Round "09"]
[TimeControl "180+2"]
[Date "2023.01.03"]
[WhiteClock "0:00:58"]
[BlackClock "0:00:44"]

1. c4 Nf6 2. d4 e6 3. Nf3 d5 4. Nc3 c5 5. cxd5 exd5 6. g3 Nc6 7. Bg2 Be7 8. O-O O-O 9. Be3 c4 10. b3 Qa5 11. Bd2 Bb4 12. Qc2 Ne7 13. bxc4 Bf5 14. Qb2 dxc4 15. a3 Bxc3 16. Bxc3 Qc7 17. Nd2 Rab8 18. e4 Bd7 19. a4 Rfc8 20. d5 Ne8 21. e5 Ng6 22. Ne4 Bf5 23. Rfe1 a6 24. a5 b5 25. axb6 Qxb6 26. Qd2 Rd8 27. Ba5 Qb5 28. Nc3 Qb3 29. Bxd8 Rxd8 30. Rxa6 Bd3 31. d6 f6 32. exf6 Nxd6 33. Bd5+ Kh8 34. fxg7+ Kxg7 35. Ra7+ Kh8 36. Qh6 Nf8 37. Qg7# 1-0


[Site "https://www.chess.com"]

[Event "Titled Tuesday Blitz January 03 Early 2023"]
[White "Szyszylo, Rafal"]
[Black "Odegov, Artem"]
[WhiteFideId "1109626"]
[BlackFideId "34183644"]
[WhiteElo "2091"]
[BlackElo "2261"]
[Result "0-1"]
[Round "09"]
[TimeControl "180+2"]
[Date "2023.01.03"]
[WhiteClock "0:00:02"]
[BlackClock "0:00:48"]

1. e4 d6 2. d4 Nd7 3. g3 e5 4. Ne2 Ngf6 5. Bg2 g6 6. h3 Bg7 7. O-O O-O 8. a4 exd4 9. Nxd4 Re8 10. Re1 Nc5 11. Nc3 Be6 12. Be3 Bc4 13. b3 Ba6 14. b4 Ncxe4 15. Nxe4 Nxe4 16. Bxe4 Rxe4 17. b5 Qf6 18. c3 Rae8 19. bxa6 bxa6 20. Qd3 c5 21. Ne2 h5 22. h4 Kh7 23. Red1 Qf3 24. Nf4 Rxe3 25. fxe3 Rxe3 26. Qf1 Qxg3+ 27. Ng2 Rf3 28. Qe1 Qg4 29. Rac1 Rg3 30. Rd2 Qxh4 31. Rf2 Qg5 32. Rd1 h4 33. Kf1 h3 34. Ne3 Rxe3 35. Re2 Rf3+ 36. Rf2 Rg3 37. Qe8 Rg1+ 38. Ke2 Qh5+ 39. Rf3 Rxd1 40. Qxf7 Rg1 0-1


[Site "https://www.chess.com"]

[Event "Titled Tuesday Blitz January 03 Early 2023"]
[White "aidenzhouu"]
[Black "Pinheiro, Iung Alicio de O."]
[BlackFideId "2104350"]
[WhiteElo "2382"]
[BlackElo "2306"]
[Result "0-1"]
[Round "09"]
[TimeControl "180+2"]
[Date "2023.01.03"]
[WhiteClock "0:01:29"]
[BlackClock "0:01:23"]

1. d4 Nf6 2. c4 e6 3. Nf3 Bb4+ 4. Bd2 Qe7 5. g3 Nc6 6. Bg2 Bxd2+ 7. Nbxd2 d6 8. O-O a5 9. e4 e5 10. d5 Nb8 11. Ne1 Na6 12. Nd3 O-O 13. a3 Bg4 14. f3 Bd7 15. b4 c6 16. Rb1 axb4 17. axb4 cxd5 18. cxd5 Nc7 19. Nc4 Nb5 20. Rb2 Ra6 21. Re2 Nc3 22. Qd2 Nxe2+ 23. Qxe2 Bb5 24. Ne3 Ra3 25. Rd1 Rfa8 26. Bf1 g6 27. Qe1 Bxd3 28. Bxd3 Qc7 29. Nc4 Ra2 30. Rc1 b5 31. Na5 Qb6+ 32. Kf1 Rxh2 0-1


[Site "https://www.chess.com"]

[Event "Titled Tuesday Blitz January 03 Early 2023"]
[White "Ezat, Mohamed"]
[Black "Ovezdurdyyeva, Jemal"]
[WhiteFideId "10600906"]
[BlackFideId "14001888"]
[WhiteElo "2402"]
[BlackElo "2078"]
[Result "1-0"]
[Round "09"]
[TimeControl "180+2"]
[Date "2023.01.03"]
[WhiteClock "0:01:12"]
[BlackClock "0:00:40"]

1. d4 Nf6 2. c4 e6 3. Nc3 b6 4. e4 d6 5. Bd3 c5 6. d5 exd5 7. exd5 Be7 8. Nf3 O-O 9. h3 Re8 10. O-O Nbd7 11. Re1 a6 12. a4 Rb8 13. Bf4 Nf8 14. Bh2 Bd7 15. Qc2 b5 16. axb5 axb5 17. cxb5 Qc7 18. Nd2 Ng6 19. Nc4 Bxb5 20. Nxb5 Rxb5 21. Nxd6 Bxd6 22. Bxd6 Qxd6 23. Rxe8+ Nxe8 24. Bxb5 Nc7 25. Bc6 Nf4 26. Qe4 g6 27. Re1 Nfxd5 28. Bxd5 Qxd5 29. Qxd5 Nxd5 30. Re5 1-0


[Site "https://www.chess.com"]

[Event "Titled Tuesday Blitz January 03 Early 2023"]
[White "Sanchez, Robert"]
[Black "Mei, Austin"]
[WhiteFideId "2034360"]
[BlackFideId "30948479"]
[WhiteElo "1966"]
[BlackElo "2218"]
[Result "0-1"]
[Round "09"]
[TimeControl "180+2"]
[Date "2023.01.03"]
[WhiteClock "0:01:43"]
[BlackClock "0:02:16"]

1. e4 e5 2. Nf3 Nc6 3. Bb5 a6 4. Ba4 Nf6 5. d3 d6 6. Bxc6+ bxc6 7. c4 g6 8. Nc3 Bg7 9. h3 O-O 10. O-O h6 11. Rb1 a5 12. b3 Be6 13. a3 Nd7 14. Be3 f5 15. exf5 gxf5 16. d4 e4 17. Ne1 f4 18. Bc1 d5 19. Bb2 Qg5 20. Kh1 f3 21. gxf3 Qh4 22. Ne2 Qxh3+ 23. Kg1 exf3 24. Ng3 Rae8 25. Qd3 Bg4 0-1


[Site "https://www.chess.com"]

[Event "Titled Tuesday Blitz January 03 Early 2023"]
[White "Melikhov, Evgeny V."]
[Black "Tomaszewski, Kacper"]
[WhiteFideId "4122046"]
[BlackFideId "1127373"]
[WhiteElo "2269"]
[BlackElo "2313"]
[Result "1-0"]
[Round "09"]
[TimeControl "180+2"]
[Date "2023.01.03"]
[WhiteClock "0:00:24"]
[BlackClock "0:00:46"]

1. d4 Nf6 2. c4 e6 3. Nc3 d5 4. cxd5 exd5 5. Bg5 c6 6. Qc2 g6 7. e3 Bf5 8. Bd3 Bxd3 9. Qxd3 Be7 10. Nf3 Nbd7 11. O-O O-O 12. Rab1 Re8 13. b4 Ne4 14. Bxe7 Qxe7 15. Qc2 Ndf6 16. Nxe4 Qxe4 17. Qxe4 dxe4 18. Nd2 Nd5 19. Rfc1 a6 20. a4 f5 21. g3 g5 22. b5 axb5 23. axb5 Ra2 24. bxc6 bxc6 25. Nc4 f4 26. Nd6 Rf8 27. exf4 gxf4 28. Nxe4 fxg3 29. hxg3 Re8 30. Re1 Ra4 31. Rbd1 Kf8 32. Kg2 Ra2 33. Kg1 Ra4 34. Kg2 c5 35. Nxc5 Rxe1 36. Rxe1 Rxd4 37. Ne6+ 1-0


[Site "https://www.chess.com"]

[Event "Titled Tuesday Blitz January 03 Early 2023"]
[White "Blanco Acevedo, Cristobal Jose"]
[Black "Jiganchine, Roman"]
[WhiteFideId "3900525"]
[BlackFideId "2603667"]
[WhiteElo "2310"]
[BlackElo "2205"]
[Result "1-0"]
[Round "09"]
[TimeControl "180+2"]
[Date "2023.01.03"]
[WhiteClock "0:01:15"]
[BlackClock "0:00:02"]

1. e4 c6 2. d4 d5 3. exd5 cxd5 4. Bd3 Nc6 5. c3 Nf6 6. Bf4 Bg4 7. Qb3 Qc8 8. Nd2 e6 9. Ngf3 Be7 10. O-O O-O 11. Rae1 Bh5 12. Ne5 Nxe5 13. Bxe5 Bg6 14. Bxg6 hxg6 15. Bxf6 Bxf6 16. f4 Rb8 17. Qd1 b5 18. Rf3 b4 19. Rh3 bxc3 20. bxc3 Rb2 21. g4 Qc7 22. Rf1 g5 23. fxg5 Bxg5 24. Nf3 Bf4 25. Qd3 g6 26. Nh4 Kg7 27. Ng2 Rd2 28. Qf3 Bg5 29. Rg3 Rh8 30. h4 Bd8 31. g5 Qe7 32. Rg4 Bc7 33. Qe3 Rxa2 34. Nf4 Rf8 35. Rg3 Qd6 36. Rgf3 Ra3 37. R1f2 Kg8 38. Nxe6 fxe6 39. Rxf8+ Qxf8 40. Qxe6+ Kg7 41. Rxf8 Kxf8 42. Qc8+ 1-0


[Site "https://www.chess.com"]